 Dungeon Crawl Stone Soup version 0.30.0-5-g1a98f26d00 (webtiles) character file.

Game seed: 6759404274531819338

427 GigaChad the Trooper (level 7, -4/55 HPs)
             Began as a Formicid Fighter on May 12, 2023.
             Splashed by a jelly's acid (6 damage)
             ... on level 4 of the Dungeon.
             The game lasted 00:04:11 (2159 turns).

GigaChad the Trooper (Formicid Fighter)             Turns: 2159, Time: 00:04:12

Health: -4/55      AC:  5    Str: 23    XL:     7   Next: 18%
Magic:  7/7        EV:  8    Int:  7    God:
Gold:   129        SH:  5    Dex: 13    Spells: 6/6 levels left

rFire   . . .        a - +0 war axe
rCold   . . .        c - +0 buckler
rNeg    . . .        l - +0 chain mail
rPois   .            (helmet unavailable)
rElec   .            (no cloak)
rCorr   .            (no gloves)
SInv    +            (no boots)
Will    .....        (no amulet) Stlth
                     (no ring)
HPRegen 0.29/turn    (no ring)
MPRegen 0.10/turn

%: no passive effects
@: corroded
A: permanent stasis, dig shafts and tunnels, antennae 3, four strong arms
a: Dig, Shaft Self


You were on level 4 of the Dungeon.
You visited 1 branch of the dungeon, and saw 4 of its levels.

You collected 129 gold pieces.

Inventory:

Hand Weapons
 a - a +0 war axe (weapon)
Armour
 b - a +0 scale mail
 c - a +0 buckler (worn)
 l - a +0 chain mail (worn)
 t - a +0 troll leather armour {Pargi}
Jewellery
 n - a ring of willpower
Scrolls
 f - a scroll of poison
 i - a scroll of fear
 k - a scroll of teleportation
 q - a scroll of blinking
Potions
 d - a potion of might
 e - 4 potions of attraction {unknown}
 g - a potion of lignification {unknown}
 h - 2 potions of brilliance {unknown}
 j - 2 potions of degeneration {unknown}
 m - a potion of resistance {unknown}
 r - a potion of curing {unknown}


   Skills:
 + Level 4.9 Fighting
 + Level 4.9 Axes
 + Level 4.6 Armour
 + Level 1.1 Dodging
 + Level 4.9 Shields


You had 6 spell levels left.
You didn't know any spells.
Your spell library contained the following spells:

 Spells                   Type           Power      Damage    Failure   Level
 Magic Dart               Conj           0%         1d3       97%         1
 Call Imp                 Summ           0%         N/A       99%         2
 Lesser Beckoning         Tloc           0%         N/A       99%         2
 Momentum Strike          Conj/Tloc      0%         3d8       99%         2
 Dazzling Flash           Conj/Hex       0%         N/A       100%        3
 Mephitic Cloud           Conj/Pois/Air  0%         N/A       100%        3
 Volatile Blastmotes      Fire/Tloc      0%         2d10      100%        3
 Iskenderun's Mystic Bla  Conj/Tloc      0%         2d3       100%        4
 Starburst                Conj/Fire      0%         6d3       100%        6
 Blink                    Tloc           Unusable   N/A       N/A         2

Dungeon Overview and Level Annotations

Branches:
Dungeon (4/15)
 Temple: D:4-7

Altars:
Qazlal

Shops:
D:1 ?   D:3 (


Innate Abilities, Weirdness & Mutations

You cannot be hasted, slowed, berserked, paralysed or teleported.
You can dig through walls and to a lower floor.
You have a pair of large antennae on your head. (SInv)
Your four strong arms can wield two-handed weapons with a shield.


Message History

The orc wizard is severely wounded.
You closely miss the hound. You hit the goblin. The hound bites you.
The goblin closely misses you. The orc warrior barely misses you.
The orc wizard closely misses you. You block the hound's attack.
Unknown command.
The ogre shouts!
You slash the orc wizard!
You kill the orc wizard!
You hit the goblin. You hit the hound but do no damage.
You hear a shout! x2
The hound bites you. The goblin hits you but does no damage.
You block the orc warrior's attack. The hound bites you but does no damage.
You hear a shout!
You barely miss the goblin.
The goblin is severely wounded.
You barely miss the hound. You hit the jelly.
Your hands burn!
The jelly barely misses you. The hound bites you but does no damage.
An orc comes into view. It is wielding a +0 dagger.
The goblin hits you but does no damage.
The orc warrior hits you from afar with a +0 halberd!
You are too injured to fight recklessly!
Unknown command.
You are too injured to fight recklessly!
You are too injured to fight recklessly!
Unknown command.
You are too injured to fight recklessly!
Unknown command.
You are too injured to fight recklessly!
Unknown command.
You slash the hound!
The hound is severely wounded.
You slash the jelly!
Your hands burn!
You miss the goblin. The hound bites you. You block the jelly's attack.
The orc warrior hits you from afar with a +0 halberd!
* * * LOW HITPOINT WARNING * * *
The goblin hits you but does no damage. The hound barely misses you.
You block the orc warrior's attack. The jelly hits you.
* * * LOW HITPOINT WARNING * * *
The acid corrodes you!
You are splashed with acid.
You die...

...... #...#.
hO...##......
g.............
#............#
#............. .
...........# #.<
#....#...###
.....###g###......
....Owh@......##
.....oJ##.<....#
......o...........
.............#....
#..#....{....# ...
#. #.........# ..
. ...........
####.?...=.##
.....####


You could see an orc warrior, an ogre, a worm, a hound, a jelly, an orc and a
goblin.

Vanquished Creatures
  Grinder (D:3)
  Pargi (D:3)
  An orc wizard (D:4)
  A gnoll (D:1)
  4 adders
  2 worms (D:2)
  2 dart slugs
  An orc (D:3)
  5 bats
  3 endoplasms
  5 giant cockroaches
  3 hobgoblins
  7 kobolds
  2 quokkas
  5 ball pythons
  4 frilled lizards
  7 goblins
  10 rats
64 creatures vanquished.

Notes
Turn   | Place    | Note
-------+----------+-------------------------------------------
     0 | D:1      | GigaChad the Formicid Fighter began the quest for the Orb.
     0 | D:1      | Reached XP level 1. HP: 18/18 MP: 1/1
   116 | D:1      | Reached XP level 2. HP: 23/24 MP: 2/2
   148 | D:1      | Found Hotoicre's Magic Scroll Boutique.
   259 | D:1      | Reached XP level 3. HP: 29/29 MP: 3/3
   745 | D:2      | Reached XP level 4. HP: 37/37 MP: 4/4
  1318 | D:2      | Found a stormy altar of Qazlal.
  1552 | D:3      | Noticed Grinder
  1565 | D:3      | Killed Grinder
  1566 | D:3      | Reached skill level 1 in Dodging
  1566 | D:3      | Reached XP level 5. HP: 4/43 MP: 5/5
  1566 | D:3      | Reached XP level 6. HP: 5/49 MP: 6/6
  1990 | D:3      | Found Xofegh's Antique Weapon Emporium.
  2009 | D:3      | Noticed Pargi
  2017 | D:3      | Killed Pargi
  2018 | D:3      | Reached XP level 7. HP: 52/55 MP: 7/7
  2159 | D:4      | HP: 2/55 [jelly (1)]
  2159 | D:4      | Splashed by a jelly's acid

Illustrated notes

Levels and vault maps discovered:
D:1:      lemuel_arrival_room, layout_basic, serial_shops, shop
D:2:      layout_basic, basic_altar
D:3:      layout_basic, serial_shops, nicolae_shop_hallway_plus, uniq_pargi,
          uniq_grinder
D:4:      layout_cave_pools, minmay_temple_entry_glassed_door, uniq_sigmund,
          uniq_crazy_yiuf_cottage

Skill      XL: |  1  2  3  4 |
---------------+-------------+-----
Fighting       | 4 |  4.9
Axes           | 4 |  4.9
Armour         | 4 |  4.6
Dodging        | 1 |  1.1
Shields        | |  4.9

Action                     |  1- 3 |  4- 6 |  7- 9 || total
---------------------------+-------+-------+-------++-------
  Melee: War axe           |    56 |    87 |    25 ||   168
    Use: Scroll            |     2 |     1 |     4 ||     7
 Armour: Scale mail        |    24 |    16 |       ||    40
         Chain mail        |       |    29 |    21 ||    50
  Dodge: Dodged            |    26 |    45 |    17 ||    88
  Block: Buckler           |    15 |    20 |    11 ||    46
